 Dungeon Crawl Stone Soup version 0.31-a0-229-g1fc7ce93e2 (webtiles) character file.

Game seed: 17342244362609068595

12646 qw the Skirmisher (level 11, -25/104 HPs)
             Began as a Minotaur Hexslinger on July 6, 2023.
             Was a Believer of Okawaru.
             Killed from afar by a lindwurm (34 damage)
             ... with a blast of flame
             ... on level 3 of the Lair of Beasts.
             The game lasted 00:04:36 (11424 turns).

qw the Skirmisher (Minotaur Hexslinger)            Turns: 11424, Time: 00:04:37

Health: -25/104    AC:  8    Str: 14    XL:     11   Next: 65%
Magic:  11/13      EV: 24    Int: 10    God:    Okawaru [**....]
Gold:   584        SH:  0    Dex: 16    Spells: 11/12 levels left

rFire   . . .        Y - +2 shortbow
rCold   . . .        (shield currently unavailable)
rNeg    . . .        q - +1 leather armour {rPois}
rPois   +            (helmet restricted)
rElec   .            (no cloak)
rCorr   .            c - +0 pair of gloves
SInv    +            n - +0 pair of boots
Will    .....        (no amulet)
Stlth   +++          k - ring of see invisible
HPRegen 0.37/turn    m - +5 ring of evasion
MPRegen 0.13/turn

%: no passive effects
@: about to teleport, heroic
A: horns 2, retaliatory headbutt
a: Renounce Religion, Heroism


You were on level 3 of the Lair of Beasts.
You worshipped Okawaru.
Okawaru was pleased with you.
You visited 3 branches of the dungeon, and saw 12 of its levels.

You collected 584 gold pieces.


Innate Abilities, Weirdness & Mutations

You have a pair of horns on your head.
You reflexively headbutt those who attack you in melee.


   Skills:
 - Level 12.1(17.1) Fighting
 - Level 14.0(19.0) Ranged Weapons
 - Level 4.7(9.7) Armour
 + Level 8.3(13.3) Dodging
 - Level 1.0 Spellcasting
 - Level 2.0 Hexes
 - Level 4.0 Invocations


You had 11 spell levels left.
You knew the following spells:

 Your Spells              Type           Power      Damage    Failure   Level
a - Slow                  Hex            16%        N/A       19%         1

Your spell library contained the following spells:

 Spells                   Type           Power      Damage    Failure   Level
 Inner Flame              Hex/Fire       2%         N/A       63%         3
 Portal Projectile        Hex/Tloc       4%         N/A       63%         3
 Cause Fear               Hex            2%         N/A       87%         4

Inventory:

Hand Weapons
 Y - a +2 shortbow (weapon)
Armour
 c - a +0 pair of gloves (worn)
 n - a +0 pair of boots (worn)
 p - a +2 leather armour of cold resistance
 q - a +1 leather armour of poison resistance (worn)
Jewellery
 d - a ring of protection from fire
 k - a ring of see invisible (left hand)
 m - a +5 ring of evasion (right hand)
 o - a ring of protection from cold
 t - a ring of fire
Scrolls
 a - a scroll of identify
 b - 2 scrolls of teleportation
Potions
 i - a potion of enlightenment
 l - a potion of might
 u - 3 potions of curing

Dungeon Overview and Level Annotations

Branches:
Dungeon (8/15)             Temple (1/1) D:5            Lair (3/5) D:8
 Shoals (0/4) Lair:3       Spider (0/4) Lair:3

Altars:
Ashenzari
Cheibriados
Dithmenos
Elyvilon
Fedhas
Gozag
Hepliaklqana
Kikubaaqudgha
Makhleb
Nemelex Xobeh
Okawaru
Ru
Sif Muna
Trog
Vehumet
Wu Jian
Xom
Yredelemnul
Zin
The Shining One

Annotations:
D:7 2 transporters, qw's ghost, novice DEHu
Lair:1 1 runed translucent door, qw's ghost, journeyman NaHu
Lair:2 2 transporters, qw's ghost, journeyman NaHu


Message History

A lindwurm comes into view.
You shoot an arrow. The lindwurm roars!
The arrow hits the lindwurm.
The lindwurm is lightly wounded.
You shoot an arrow. The arrow hits the lindwurm!
The lindwurm is moderately wounded.
You start resting.
You feel like a meek peon again.
A lindwurm is nearby!
11417 ||| INVOKING Heroism.
You gain the combat prowess of a mighty hero.
A cane toad comes into view.
You shoot an arrow. The arrow barely misses the lindwurm.
The cane toad gives a loud, deep croak!
The lindwurm breathes flames at you. The blast of flame hits you!!!
11419 ||| READING 3 scrolls of teleportation.
As you read the scroll of teleportation, it crumbles to dust.
You feel strangely unstable.
You shoot an arrow. The arrow hits the lindwurm!
The lindwurm is moderately wounded.
The lindwurm bites you but does no damage.
The lindwurm claws you. The lindwurm barely misses you.
You shoot an arrow. The arrow hits the lindwurm!!
The lindwurm is severely wounded.
You shoot an arrow. The arrow hits the lindwurm.
The lindwurm is severely wounded.
The lindwurm closely misses you. The lindwurm barely misses you.
The lindwurm claws you!
You shoot an arrow.
The arrow hits the lindwurm but does no damage.
The lindwurm is severely wounded.
The lindwurm barely misses you. You furiously retaliate!
You headbutt the lindwurm. The lindwurm claws you.
The lindwurm barely misses you.
You shoot an arrow. The arrow barely misses the lindwurm.
The lindwurm breathes flames at you. The blast of flame hits you!!
You die...

#¤~¤.......#.#..
#~.......#..## #
#~.../...#...#
##¤#~........##..
#~¤~~..........##
#.¤...<..........
#P##...!P..P.....
##.......#....#
.......@.#....#
....?...$k# ....
##~P......F.....#
#.~~.~.........#
#~~~~~~.........
~~#.#~.........
~~.>.~.#.$....#
~#)#~~ #......


You could see a lindwurm (catching breath) and a cane toad.

Vanquished Creatures
  A hydra (Lair:3)
  3 harpies
  An elephant (Lair:3)
  8 cane toads
  2 black mambas
  5 komodo dragons
  A rime drake (Lair:2)
  A meliai (Lair:3)
  3 spriggans (Lair:1)
  A wyvern (D:8)
  2 basilisks
  7 yaks
  5 water moccasins
  Edmund (D:4)
  3 orc warriors (D:7)
  3 black bears
  An ogre (D:7)
  4 sky beasts
  A centaur (D:7)
  A phantom (D:5)
  Blork the orc (D:3)
  5 bullfrogs
  3 scorpions
  10 killer bees
  2 electric eels (Lair:1)
  2 hounds
  5 jellies
  A gnoll bouda (D:6)
  4 orc priests
  4 iguanas
  8 orc wizards
  Natasha (thrice) (D:3)
  10 adders
  8 gnolls
  A shadow imp (D:6)
  A white imp (D:5)
  A worm (D:4)
  3 dart slugs
  34 orcs
  4 bats (D:2)
  7 endoplasms
  A giant cockroach (D:1)
  6 goblins
  14 hobgoblins
  2 jackals (D:2)
  3 quokkas
  11 ball pythons
  A frilled lizard (D:2)
  10 kobolds
  4 rats
223 creatures vanquished.

Notes
Turn   | Place    | Note
-------+----------+-------------------------------------------
     0 | D:1      | qw the Minotaur Hexslinger began the quest for the Orb.
     0 | D:1      | Reached XP level 1. HP: 16/16 MP: 1/1
     0 | D:1      | 0 ||| qw: Version: 0.3-a-46-gb1f654a
     0 | D:1      | 0 ||| qw: Game counter: 1725
     0 | D:1      | 0 ||| qw: Melee chars always use a shield: true
     0 | D:1      | 0 ||| qw: God list: Okawaru
     0 | D:1      | 0 ||| qw: Allow faded altars: false
     0 | D:1      | 0 ||| qw: Do Orc after clearing Dungeon:15 true
     0 | D:1      | 0 ||| qw: Do second Lair branch before Depths: true
     0 | D:1      | 0 ||| qw: Lair rune preference: random
     0 | D:1      | 0 ||| qw: Goals: Normal
     0 | D:1      | 0 ||| PLANNING D:1-11
    53 | D:1      | Reached skill level 3 in Ranged Weapons
    53 | D:1      | Reached XP level 2. HP: 23/23 MP: 2/2
   520 | D:1      | 520 ||| UPGRADING to +0 leather armour.
   530 | D:1      | 530 ||| DROPPING +0 robe.
   531 | D:1      | 531 ||| READING 3 scrolls labelled PUQEPRADGHE.
   532 | D:1      | 532 ||| READING scroll labelled SUMIEPI UGUAX.
   533 | D:1      | 533 ||| READING 2 scrolls of identify.
   533 | D:1      | 533 ||| IDENTIFYING grey potion
   534 | D:1      | 534 ||| DROPPING scroll of poison.
   535 | D:1      | 535 ||| DROPPING potion of attraction.
   583 | D:2      | Reached XP level 3. HP: 27/29 MP: 3/3
   774 | D:2      | Reached skill level 4 in Ranged Weapons
  1314 | D:2      | 1314 ||| SWAPPING to +0 antimagic sling.
  1315 | D:2      | 1315 ||| DROPPING +1 sling.
  1348 | D:2      | 1348 ||| UPGRADING to +0 ring mail.
  1358 | D:2      | 1358 ||| DROPPING +0 leather armour.
  1359 | D:2      | 1359 ||| UPGRADING to amulet of guardian spirit.
  1364 | D:2      | 1364 ||| UPGRADING to ring of see invisible.
  1365 | D:2      | 1365 ||| UPGRADING to +5 ring of evasion.
  1366 | D:2      | 1366 ||| READING 2 scrolls labelled REQUZOS HAWOH.
  1367 | D:2      | 1367 ||| READING scroll of brand weapon.
  1367 | D:2      | 1367 ||| BRANDING +0 sling of freezing.
  1391 | D:2      | 1391 ||| READING scroll labelled ROSEVA TUIHEAS.
  1392 | D:2      | 1392 ||| DRINKING 3 bubbling inky potions.
  1393 | D:2      | 1393 ||| READING 2 scrolls of identify.
  1393 | D:2      | 1393 ||| IDENTIFYING fizzy blue potion
  1394 | D:2      | 1394 ||| DROPPING potion of brilliance.
  1418 | D:3      | Noticed Natasha
  1420 | D:3      | 1420 ||| STAIRDANCE
  1457 | D:3      | Killed Natasha
  1458 | D:3      | Reached skill level 1 in Armour
  1458 | D:3      | Reached XP level 4. HP: 27/36 MP: 2/4
  1694 | D:3      | Reached skill level 5 in Ranged Weapons
  1880 | D:3      | Reached XP level 5. HP: 37/42 MP: 5/5
  1986 | D:3      | Noticed Natasha
  1991 | D:3      | Killed Natasha
  1992 | D:3      | Reached skill level 3 in Fighting
  2350 | D:3      | Noticed Natasha
  2356 | D:3      | Killed Natasha
  2407 | D:3      | 2407 ||| UPGRADING to +0 pair of gloves.
  2412 | D:3      | 2412 ||| UPGRADING to +0 pair of boots.
  2417 | D:3      | 2417 ||| READING 2 scrolls labelled HOL XICVUSTRABB.
  2421 | D:3      | 2421 ||| READING scroll labelled ZUMIBRIBE ZICU.
  2540 | D:4      | 2540 ||| STAIRDANCE
  2563 | D:4      | 2563 ||| STAIRDANCE
  2565 | D:4      | 2565 ||| STAIRDANCE
  2567 | D:3      | 2567 ||| DRINKING 2 potions of curing.
  2567 | D:3      | 2567 ||| (to cure confusion)
  2643 | D:4      | Reached skill level 6 in Ranged Weapons
  2643 | D:4      | Reached XP level 6. HP: 49/51 MP: 6/6
  2681 | D:4      | Found a hazy altar of Hepliaklqana.
  2834 | D:4      | Found a sparkling altar of Nemelex Xobeh.
  2834 | D:4      | Found a glowing golden altar of the Shining One.
  2852 | D:4      | Found an ornate altar of the Wu Jian Council.
  2920 | D:4      | Reached skill level 7 in Ranged Weapons
  2970 | D:4      | Noticed Edmund
  2985 | D:4      | Killed Edmund
  2986 | D:4      | Reached skill level 3 in Armour
  2986 | D:4      | Reached XP level 7. HP: 46/59 MP: 5/7
  3333 | D:4      | 3333 ||| READING 2 scrolls of identify.
  3333 | D:4      | 3333 ||| IDENTIFYING blue potion
  3334 | D:4      | 3334 ||| DROPPING potion of ambrosia.
  3438 | D:4      | Noticed Blork the orc
  3443 | D:4      | 3443 ||| STAIRDANCE
  3446 | D:3      | Killed Blork the orc
  3522 | D:5      | Entered Level 5 of the Dungeon
  3656 | D:5      | 3656 ||| DRINKING potion of curing.
  3656 | D:5      | 3656 ||| (to cure confusion)
  3694 | D:5      | Found a staircase to the Ecumenical Temple.
  3695 | D:5      | 3695 ||| PLANNING TEMPLE
  3695 | D:5      | 3695 ||| READING scroll labelled GIXANLO JAULE.
  3696 | D:5      | 3696 ||| DRINKING 2 dark potions.
  3704 | Temple   | Entered the Ecumenical Temple
  3729 | Temple   | 3729 ||| PLANNING OKAWARU WORSHIP
  3890 | Temple   | Became a worshipper of Warmaster Okawaru
  3891 | Temple   | 3891 ||| PLANNING D:1-11
  3891 | Temple   | 3891 ||| REMOVING amulet of guardian spirit.
  3896 | Temple   | 3896 ||| DROPPING amulet of guardian spirit.
  3943 | D:5      | Reached skill level 8 in Ranged Weapons
  3992 | D:5      | 3992 ||| FLEEEEING.
  3995 | D:5      | 3995 ||| FLEEEEING.
  3996 | D:5      | 3996 ||| FLEEEEING.
  3997 | D:5      | 3997 ||| FLEEEEING.
  3998 | D:5      | 3998 ||| FLEEEEING.
  4000 | D:5      | 4000 ||| FLEEEEING.
  4069 | D:5      | Reached XP level 8. HP: 67/69 MP: 8/8
  4069 | D:5      | Reached * piety under Okawaru
  4076 | D:5      | Reached skill level 9 in Ranged Weapons
  4081 | D:5      | 4081 ||| INVOKING Heroism.
  4367 | D:5      | Reached skill level 6 in Fighting
  4790 | D:5      | 4790 ||| READING scroll labelled EHIYPEFFULE.
  4791 | D:5      | 4791 ||| DRINKING 2 green potions.
  4807 | D:6      | Reached skill level 3 in Dodging
  4807 | D:6      | Reached skill level 1 in Invocations
  4845 | D:6      | 4845 ||| INVOKING Heroism.
  4855 | D:6      | 4855 ||| Stepping ~*~*~tactically~*~*~ (outnumbered).
  4856 | D:6      | 4856 ||| Stepping ~*~*~tactically~*~*~ (outnumbered).
  5371 | D:6      | 5371 ||| READING scroll labelled JIDDYU ESAP.
  5616 | D:7      | 5616 ||| INVOKING Heroism.
  5629 | D:7      | Reached skill level 3 in Invocations
  5713 | D:7      | Reached skill level 10 in Ranged Weapons
  5752 | D:7      | Found a transporter.
  5758 | D:7      | Noticed a troll
  5761 | D:7      | Found a transporter.
  5762 | D:7      | Noticed a troll
  5762 | D:7      | Noticed a boulder beetle
  5762 | D:7      | Noticed qw's ghost (novice DEHu)
  5767 | D:7      | Noticed an ice statue
  5807 | D:7      | 5807 ||| INVOKING Heroism.
  5815 | D:7      | Reached XP level 9. HP: 78/78 MP: 7/10
  5865 | D:7      | 5865 ||| FLEEEEING.
  5869 | D:7      | 5869 ||| INVOKING Heroism.
  5911 | D:7      | 5911 ||| SWAPPING to +0 shortbow.
  5913 | D:7      | 5913 ||| DROPPING +1 sling of electrocution.
  5916 | D:7      | 5916 ||| Stepping ~*~*~tactically~*~*~ (outnumbered).
  5918 | D:7      | 5918 ||| DRINKING potion of curing.
  5918 | D:7      | 5918 ||| (to cure confusion)
  5920 | D:7      | 5920 ||| INVOKING Heroism.
  6102 | D:7      | Noticed an oklob plant
  6112 | D:7      | Noticed a komodo dragon
  6327 | D:7      | Identified the +4 scale mail "Qicvew" {rElec Dex+2}
  6448 | D:7      | 6448 ||| UPGRADING to +2 leather armour of cold resistance.
  6458 | D:7      | 6458 ||| DROPPING +0 ring mail.
  6459 | D:7      | 6459 ||| UPGRADING to +1 leather armour of poison
                  | resistance.
  6469 | D:7      | 6469 ||| READING scroll labelled JEMUTH PUOST.
  6495 | D:8      | 6495 ||| STAIRDANCE
  6576 | D:8      | 6576 ||| READING scroll of enchant weapon.
  6576 | D:8      | 6576 ||| ENCHANTING +0 shortbow.
  6620 | D:8      | 6620 ||| INVOKING Heroism.
  6769 | D:8      | Reached skill level 11 in Ranged Weapons
  6771 | D:8      | 6771 ||| INVOKING Heroism.
  6810 | D:8      | 6810 ||| INVOKING Heroism.
  6900 | D:8      | Found a staircase to the Lair.
  7194 | D:8      | 7194 ||| PLANNING LAIR
  7233 | Lair:1   | Entered Level 1 of the Lair of Beasts
  7233 | Lair:1   | Noticed a cane toad
  7234 | Lair:1   | 7234 ||| INVOKING Heroism.
  7240 | Lair:1   | Noticed a komodo dragon
  7242 | Lair:1   | Reached skill level 12 in Ranged Weapons
  7244 | Lair:1   | 7244 ||| STAIRDANCE
  7251 | D:8      | Killed a cane toad
  7376 | Lair:1   | 7376 ||| INVOKING Heroism.
  7379 | Lair:1   | 7379 ||| STAIRDANCE
  7394 | D:8      | Killed a komodo dragon
  7549 | Lair:1   | 7549 ||| INVOKING Heroism.
  7557 | Lair:1   | Reached XP level 10. HP: 67/88 MP: 9/12
  7575 | Lair:1   | Noticed a cane toad
  7579 | Lair:1   | 7579 ||| STAIRDANCE
  7620 | Lair:1   | Noticed a cane toad
  7621 | Lair:1   | 7621 ||| INVOKING Heroism.
  7626 | Lair:1   | Killed a cane toad
  7659 | Lair:1   | 7659 ||| STAIRDANCE
  7689 | Lair:1   | 7689 ||| INVOKING Heroism.
  7699 | Lair:1   | Killed a cane toad
  7800 | Lair:1   | 7800 ||| READING scroll of enchant weapon.
  7800 | Lair:1   | 7800 ||| ENCHANTING +1 shortbow.
  7827 | Lair:1   | Found a runed translucent door.
  7848 | Lair:1   | 7848 ||| INVOKING Heroism.
  8018 | Lair:1   | Noticed qw's ghost (journeyman NaHu)
  8026 | Lair:1   | You fall into a shaft and drop 1 floor!
  8030 | Lair:2   | Noticed a cane toad
  8031 | Lair:2   | 8031 ||| INVOKING Heroism.
  8041 | Lair:2   | Killed a cane toad
  8042 | Lair:2   | Reached skill level 13 in Ranged Weapons
  8042 | Lair:2   | 8042 ||| DRINKING 2 potions of cancellation.
  8061 | Lair:2   | Reached ** piety under Okawaru
  8073 | Lair:2   | Noticed a cane toad
  8074 | Lair:2   | 8074 ||| INVOKING Heroism.
  8081 | Lair:2   | Killed a cane toad
  8082 | Lair:2   | Reached skill level 9 in Fighting
  8129 | Lair:2   | 8129 ||| READING scroll labelled VYVUNU ALUASCH.
  8130 | Lair:2   | 8130 ||| READING 4 scrolls of identify.
  8130 | Lair:2   | 8130 ||| IDENTIFYING glowing orange potion
  8131 | Lair:2   | 8131 ||| READING 3 scrolls of identify.
  8131 | Lair:2   | 8131 ||| IDENTIFYING glowing emerald potion
  8132 | Lair:2   | 8132 ||| READING 2 scrolls of identify.
  8132 | Lair:2   | 8132 ||| IDENTIFYING silvery potion
  8133 | Lair:2   | 8133 ||| DROPPING potion of berserk rage.
  8134 | Lair:2   | 8134 ||| DROPPING potion of degeneration.
  8158 | Lair:1   | Noticed a black mamba
  8159 | Lair:1   | 8159 ||| INVOKING Heroism.
  8166 | Lair:1   | Killed a black mamba
  8217 | Lair:1   | 8217 ||| DRINKING potion of cancellation.
  8239 | Lair:1   | Reached skill level 6 in Dodging
  8395 | Lair:1   | 8395 ||| INVOKING Heroism.
  8444 | Lair:1   | 8444 ||| INVOKING Heroism.
  8623 | Lair:1   | Noticed a cane toad
  8624 | Lair:1   | 8624 ||| INVOKING Heroism.
  8636 | Lair:1   | Killed a cane toad
  8637 | Lair:1   | Reached skill level 14 in Ranged Weapons
  9051 | Lair:2   | 9051 ||| INVOKING Heroism.
  9260 | Lair:2   | Noticed a cane toad
  9261 | Lair:2   | 9261 ||| INVOKING Heroism.
  9267 | Lair:2   | Killed a cane toad
  9268 | Lair:2   | Reached XP level 11. HP: 99/99 MP: 10/13
  9332 | Lair:2   | 9332 ||| INVOKING Heroism.
  9345 | Lair:2   | HP: 23/99 [cane toad (18)]
  9346 | Lair:2   | 9346 ||| READING 4 scrolls of teleportation.
  9346 | Lair:2   | HP: 6/99 [cane toad (12)]
  9347 | Lair:2   | 9347 ||| DRINKING potion of heal wounds.
  9351 | Lair:2   | HP: 23/99 [poisoned by a cane toad]
  9356 | Lair:2   | HP: 20/99 [poisoned by a cane toad]
  9650 | Lair:2   | Found a transporter.
  9654 | Lair:2   | Noticed qw's ghost (journeyman NaHu)
  9700 | Lair:2   | 9700 ||| INVOKING Heroism.
  9954 | Lair:2   | 9954 ||| INVOKING Heroism.
 10241 | Lair:2   | Found a transporter.
 10595 | Lair:2   | 10595 ||| READING scroll labelled DULY WUYXTEI.
 10596 | Lair:2   | 10596 ||| READING 2 scrolls of identify.
 10596 | Lair:2   | 10596 ||| IDENTIFYING bubbling green potion
 10627 | Lair:3   | Noticed a skyshark
 10637 | Lair:3   | 10637 ||| STAIRDANCE
 10642 | Lair:2   | 10642 ||| INVOKING Heroism.
 10646 | Lair:2   | HP: 20/102 [elephant (16)]
 10647 | Lair:2   | 10647 ||| READING 4 scrolls of teleportation.
 10651 | Lair:2   | HP: 12/102 [elephant (1)]
 10933 | Lair:3   | Noticed a harpy
 10934 | Lair:3   | Noticed a harpy
 10938 | Lair:3   | 10938 ||| STAIRDANCE
 10940 | Lair:2   | 10940 ||| INVOKING Heroism.
 10945 | Lair:2   | Killed a harpy
 11074 | Lair:3   | Noticed a harpy
 11075 | Lair:3   | 11075 ||| STAIRDANCE
 11124 | Lair:3   | 11124 ||| STAIRDANCE
 11127 | Lair:2   | 11127 ||| INVOKING Heroism.
 11132 | Lair:2   | Killed a harpy
 11240 | Lair:3   | 11240 ||| INVOKING Heroism.
 11248 | Lair:3   | Killed a harpy
 11288 | Lair:3   | 11288 ||| STAIRDANCE
 11382 | Lair:3   | Found a hole to the Spider Nest.
 11386 | Lair:3   | Found a staircase to the Shoals.
 11387 | Lair:3   | Noticed a six-headed hydra
 11388 | Lair:3   | 11388 ||| INVOKING Heroism.
 11402 | Lair:3   | Killed a six-headed hydra
 11403 | Lair:3   | Reached skill level 12 in Fighting
 11411 | Lair:3   | Noticed a lindwurm
 11417 | Lair:3   | 11417 ||| INVOKING Heroism.
 11418 | Lair:3   | HP: 21/104 [lindwurm/blast of flame (44)]
 11419 | Lair:3   | 11419 ||| READING 3 scrolls of teleportation.
 11423 | Lair:3   | HP: 9/104 [lindwurm (3)]
 11424 | Lair:3   | Killed from afar by a lindwurm

Levels and vault maps discovered:
D:1:      giann_horns, layout_basic, minmay_tetromino_l2
D:2:      layout_basic
D:3:      layout_basic, uniq_natasha
D:4:      layout_loops_cross, nzn_wu_jian_council_hall,
          gammafunk_temple_overflow_forgotten, uniq_edmund, uniq_blork_the_orc
D:5:      layout_loops_ring, minmay_temple_entry_ruins, kennysheep_small_circle
D:6:      layout_gridville, st_stairs_6
D:7:      layout_loops_ring, nzn_ghost_randoct, minmay_misc_feat_rows,
          minivault_1, minmay_door_square
D:8:      layout_rooms, lair_entry_dummy, kennysheep_generic_room_10
Temple:   nicolae_temple_bog_church
Lair:1:   layout_gridlike, hellmonk_ghost_happy_afterlife, wad_woods_02,
          serial_bayou_shore_a, infiniplex_staircase_pool
Lair:2:   layout_cave_pods, gammafunk_ghost_hive
Lair:3:   nzn_winding_woodlands_stair_trap
          [nzn_winding_woodlands_5x15_river_crossing,
          nzn_winding_woodlands_5x15_sawtooth,
          nzn_winding_woodlands_5x15_jagged,
          nzn_winding_woodlands_15x15_thick_spiral,
          nzn_winding_woodlands_5x15_twine,
          nzn_winding_woodlands_5x15_pathside_ponds,
          nzn_winding_woodlands_5x15_sidewinder], layout_gridlike,
          nicolae_shoals_entry_roost, hellmonk_spider_entry_not_the_bees,
          nicolae_lair_lindhole, lemuel_fruit_tree, uniq_nessos, uniq_amaemon,
          uniq_urug

Skill      XL: |  1  2  3  4  5  6  7  8  9 10 11 |
---------------+----------------------------------+-----
Ranged Weapons | 3 4 5 6 7 8 10 12 14 | 14.0
Fighting       | 2 3 4 5 6 8 10 12 | 12.1
Armour         | 1 3 4 |  4.7
Dodging        | 3 5 6 8 |  8.3
Invocations    | 3 4 |  4.0
Spellcasting   | |  1.0
Hexes          | |  2.0

Action                     |  1- 3 |  4- 6 |  7- 9 | 10-12 || total
---------------------------+-------+-------+-------+-------++-------
   Fire: Sling             |   142 |   156 |   270 |       ||   568
         Shortbow          |       |       |   142 |   368 ||   510
 Invoke: Heroism           |       |       |    12 |    20 ||    32
    Use: Scroll            |     7 |     2 |     6 |    10 ||    25
         Potion            |     1 |     1 |     4 |     3 ||     9
 Armour: Leather armour    |    10 |       |    10 |    31 ||    51
         Ring mail         |     4 |    23 |    49 |       ||    76
  Dodge: Dodged            |    48 |    69 |   170 |   283 ||   570

Table legend:
 A = Non-vault XP
 B = Vault XP
 C = Vault XP percentage of total XP
 D = Non-vault monster count
 E = Vault monster count
 F = Vault count percentage of total count
                 A         B        C        D         E       F
            +---------+---------+-------+---------+---------+-------
      Total |   14159 |    3907 |  21.6 |     199 |      24 |  10.8
            +---------+---------+-------+---------+---------+-------
        D:1 |      35 |       3 |   7.9 |      20 |       2 |   9.1
        D:2 |      57 |       0 |   0.0 |      24 |       0 |   0.0
        D:3 |     189 |     127 |  40.2 |      16 |       2 |  11.1
        D:4 |     396 |     142 |  26.4 |      29 |       1 |   3.3
        D:5 |     806 |     107 |  11.7 |      23 |       4 |  14.8
        D:6 |     342 |      83 |  19.5 |      12 |       2 |  14.3
        D:7 |    1476 |       0 |   0.0 |      32 |       0 |   0.0
        D:8 |    1454 |     132 |   8.3 |      10 |       1 |   9.1
     Lair:1 |    2758 |     845 |  23.5 |      12 |       4 |  25.0
     Lair:2 |    5261 |    1394 |  20.9 |      19 |       4 |  17.4
     Lair:3 |    1385 |    1074 |  43.7 |       2 |       4 |  66.7
            +---------+---------+-------+---------+---------+-------
